 Dungeon Crawl Stone Soup version 0.21.1-1-g345015f (webtiles) character file.

192 vatarom the Vexing (level 5, 0/41 HPs)
             Began as a Gnoll Arcane Marksman on Apr 5, 2018.
             Succumbed to a worker ant's poison
             ... on level 4 of the Dungeon.
             The game lasted 00:09:08 (3879 turns).

vatarom the Vexing (Gnoll Arcane Marksman)          Turns: 3879, Time: 00:09:09

Health: 0/41       AC:  2    Str: 13    XL:     5   Next: 71%
Magic:  5/9        EV: 15    Int: 15    God:
Gold:   94         SH:  0    Dex: 16    Spells: 3/10 levels left

rFire    . . .     SeeInvis .   j - +0 dagger
rCold    . . .     Gourm    .   (no shield)
rNeg     . . .     Faith    .   e - +0 robe
rPois    .         Spirit   .   (no helmet)
rElec    .         Reflect  .   (no cloak)
rCorr    .         Harm     .   (no gloves)
MR       .....                  (no boots)
Stlth    ++........             (no amulet)
HPRegen  0.13/turn              (no ring)
MPRegen  0.11/turn              (no ring)

@: lethally poisoned (0 -> -9), very slightly contaminated
A: distributed training, fangs 1, strong nose
a: no special abilities


You were on level 4 of the Dungeon.
You were not hungry.

You visited 1 branch of the dungeon, and saw 4 of its levels.

You collected 94 gold pieces.

Inventory:

Hand Weapons
 a - a +1 hand crossbow
 b - a +0 spear
 j - a +0 dagger (weapon)
Missiles
 d - 6 bolts
Armour
 e - a +0 robe (worn)
Wands
 h - a wand of random effects (18)
Scrolls
 g - a scroll of identify {unknown}
 l - a scroll of fear {unknown}
Potions
 i - a potion of brilliance
Books
 c - a book of Debilitation

   Spells                             Type                      Level
   a - Corona                         Hexes                        1
   b - Slow                           Hexes                        2
   c - Inner Flame                    Hexes/Fire                   3
   d - Portal Projectile              Hexes/Translocation          3
   e - Cause Fear                     Hexes                        4
   f - Leda's Liquefaction            Hexes/Earth                  4
Comestibles
 f - 3 rations


   Skills:
 + Level 3.0 Fighting
 + Level 1.5 Short Blades
 + Level 1.5 Long Blades
 + Level 1.5 Axes
 + Level 1.5 Maces & Flails
 + Level 1.5 Polearms
 + Level 1.5 Staves
 + Level 1.5 Slings
 + Level 1.5 Bows
 + Level 4.8 Crossbows
 + Level 1.5 Throwing
 + Level 1.5 Armour
 + Level 4.8 Dodging
 + Level 1.5 Stealth
 + Level 1.5 Shields
 + Level 1.5 Unarmed Combat
 + Level 3.2 Spellcasting
 + Level 1.2 Conjurations
 + Level 5.5 Hexes
 + Level 1.2 Charms
 + Level 1.2 Summonings
 + Level 1.2 Necromancy
 + Level 1.2 Translocations
 + Level 1.2 Transmutations
 + Level 1.2 Fire Magic
 + Level 1.2 Ice Magic
 + Level 1.2 Air Magic
 + Level 1.2 Earth Magic
 + Level 1.2 Poison Magic
 + Level 1.7 Invocations
 + Level 1.5 Evocations


You had 3 spell levels left.
You knew the following spells:

 Your Spells              Type           Power        Failure   Level  Hunger
a - Corona                Hex            ###....      1%          1    #......
b - Slow                  Hex            ###.....     3%          2    ##.....
c - Cause Fear            Hex            ###.......   21%         4    #####..


Dungeon Overview and Level Annotations

Branches:
Dungeon (4/15)
 Temple: D:4-7

Altars:
Elyvilon

Annotations:
D:3 Mirai's ghost, amateur DECj; Sigmund


Innate Abilities, Weirdness & Mutations

Your experience applies equally to all skills.
You have very sharp teeth.
Your uncanny sense of smell can sniff out nearby items.


Message History

* * * LOW HITPOINT WARNING * * *
You closely miss the worker ant. Your bite misses the worker ant.
The worker ant is heavily wounded.
The worker ant waves its antennae.
The worker ant barely misses you.
Wield which item (- for none, * to show all)? (? for menu, Esc to quit)
j - a +0 dagger (weapon)
You closely miss the worker ant.
The worker ant is heavily wounded.
The worker ant bites you.
* * * LOW HITPOINT WARNING * * *
You are lethally poisoned!
The worker ant poisons you!
You hit the worker ant.
The worker ant is heavily wounded.
* * * LOW HITPOINT WARNING * * *
You feel sick. The worker ant bites you.
* * * LOW HITPOINT WARNING * * *
Okay, then.
You die...

." .# .# # ##.#
.. #..###..#
#.#.... ∆
#######...#
#......<..#
#.....@...#
#....a....#
#...(.........
#..............
#...............
#............##.
##.........#.#
##........#..


You could see a worker ant.

Vanquished Creatures
  A howler monkey (D:2)
  3 gnolls (D:2)
  4 adders (D:2)
  3 worms (D:2)
  A dart slug (D:2)
  2 leopard geckos (D:2)
  An orc (D:3)
  A ball python (D:3)
  10 goblins
  10 hobgoblins
  7 jackals
  A quokka (D:2)
  8 bats
  4 frilled lizards
  13 kobolds
  7 rats
76 creatures vanquished.

Notes
Turn   | Place    | Note
-------+----------+-------------------------------------------
     0 | D:1      | vatarom the Gnoll Arcane Marksman began the quest for the Orb.
     0 | D:1      | Reached XP level 1. HP: 17/17 MP: 4/4
   182 | D:1      | Reached XP level 2. HP: 15/23 MP: 3/5
   580 | D:1      | Learned a level 2 spell: Slow
   676 | D:1      | Reached XP level 3. HP: 28/28 MP: 1/7
  1151 | D:2      | Reached skill level 1 in Invocations
  1298 | D:2      | Reached skill level 1 in Short Blades
  1298 | D:2      | Reached skill level 1 in Long Blades
  1298 | D:2      | Reached skill level 1 in Axes
  1298 | D:2      | Reached skill level 1 in Maces & Flails
  1298 | D:2      | Reached skill level 1 in Polearms
  1298 | D:2      | Reached skill level 1 in Staves
  1298 | D:2      | Reached skill level 1 in Slings
  1298 | D:2      | Reached skill level 1 in Bows
  1298 | D:2      | Reached skill level 1 in Throwing
  1298 | D:2      | Reached skill level 1 in Armour
  1298 | D:2      | Reached skill level 1 in Stealth
  1298 | D:2      | Reached skill level 1 in Shields
  1298 | D:2      | Reached skill level 1 in Unarmed Combat
  1298 | D:2      | Reached skill level 1 in Evocations
  1401 | D:2      | Reached XP level 4. HP: 34/34 MP: 8/8
  1522 | D:2      | Found a white marble altar of Elyvilon.
  1693 | D:2      | Reached skill level 1 in Conjurations
  1693 | D:2      | Reached skill level 1 in Charms
  1693 | D:2      | Reached skill level 1 in Summonings
  1693 | D:2      | Reached skill level 1 in Necromancy
  1693 | D:2      | Reached skill level 1 in Translocations
  1693 | D:2      | Reached skill level 1 in Transmutations
  1693 | D:2      | Reached skill level 1 in Fire Magic
  1693 | D:2      | Reached skill level 1 in Ice Magic
  1693 | D:2      | Reached skill level 1 in Air Magic
  1693 | D:2      | Reached skill level 1 in Earth Magic
  1693 | D:2      | Reached skill level 1 in Poison Magic
  2264 | D:2      | Reached XP level 5. HP: 25/40 MP: 9/9
  2505 | D:3      | Noticed Sigmund
  2507 | D:3      | Noticed Mirai's ghost (amateur DECj)
  3152 | D:2      | Learned a level 4 spell: Cause Fear
  3878 | D:4      | HP: 1/41 [worker ant (2)]
  3879 | D:4      | Succumbed to a worker ant's poison

Skill      XL: |  1  2  3  4  5 |
---------------+----------------+-----
Invocations    | 1 |  1.7
Short Blades   | 1 |  1.5
Long Blades    | 1 |  1.5
Axes           | 1 |  1.5
Maces & Flails | 1 |  1.5
Polearms       | 1 |  1.5
Staves         | 1 |  1.5
Slings         | 1 |  1.5
Bows           | 1 |  1.5
Throwing       | 1 |  1.5
Armour         | 1 |  1.5
Stealth        | 1 |  1.5
Shields        | 1 |  1.5
Unarmed Combat | 1 |  1.5
Evocations     | 1 |  1.5
Spellcasting   | 3 |  3.2
Conjurations   | 1 |  1.2
Charms         | 1 |  1.2
Summonings     | 1 |  1.2
Necromancy     | 1 |  1.2
Translocations | 1 |  1.2
Transmutations | 1 |  1.2
Fire Magic     | 1 |  1.2
Ice Magic      | 1 |  1.2
Air Magic      | 1 |  1.2
Earth Magic    | 1 |  1.2
Poison Magic   | 1 |  1.2
Fighting       | 3 |  3.0
Crossbows      | |  4.8
Dodging        | |  4.8
Hexes          | |  5.5

Action                   |  1- 3 |  4- 6 || total
-------------------------+-------+-------++-------
Melee: Dagger            |    45 |    45 ||    90
       Bite              |     1 |    10 ||    11
       Punch             |       |     1 ||     1
       Spear             |       |    44 ||    44
 Fire: Hand crossbow     |    65 |    51 ||   116
Throw: Throwing net      |     1 |       ||     1
 Cast: Corona            |     3 |       ||     3
       Slow              |     2 |     6 ||     8
       Cause Fear        |       |     3 ||     3
  Use: Scroll            |     2 |       ||     2
       Potion            |       |     4 ||     4
 Stab: Sleeping          |     2 |       ||     2
       Held in net/web   |     1 |       ||     1
  Eat: Chunk             |     2 |     3 ||     5
       Ration            |       |     2 ||     2
Armor: Robe              |    12 |    18 ||    30
       Skin              |       |     1 ||     1
Dodge: Dodged            |    56 |   100 ||   156
